 Dungeon Crawl Stone Soup version 0.25.1-1-g288607f5aa (webtiles) character file.

Game seed: 8555065758720146451

10985 Peloso the Carver (level 11, -6/99 HPs)
             Began as a Minotaur Fighter on July 18, 2020.
             Was a High Priest of Okawaru.
             Mangled by a white ugly thing (24 damage)
             ... on level 10 of the Dungeon.
             The game lasted 00:24:10 (10653 turns).

Peloso the Carver (Minotaur Fighter)               Turns: 10653, Time: 00:24:12

Health: -6/99      AC: 26    Str: 22    XL:     11   Next: 43%
Magic:  9/10       EV:  6    Int:  2    God:    Okawaru [*****.]
Gold:   792        SH: 14    Dex: 22    Spells: 10/10 levels left

rFire    . . .     SeeInvis .   a - +0 long sword
rCold    . . .     Gourm    .   c - +1 kite shield
rNeg     + + .     Faith    .   x - +1 crystal plate armour
rPois    .         Spirit   .   (helmet restricted)
rElec    .         Reflect  .   v - +1 cloak
rCorr    .         Harm     .   D - +0 pair of gloves "Wixack" {rN++ Int-3 Dex+4}
MR       .....                  U - +0 pair of boots {run}
Stlth    ..........             (no amulet)
HPRegen  0.26/turn              s - ring of flight
MPRegen  0.12/turn              d - +6 ring of dexterity

@: quick
A: retaliatory headbutt, horns 2
a: Heroism, Finesse, Renounce Religion, Evoke Flight


You were on level 10 of the Dungeon.
You worshipped Okawaru.
Okawaru was extremely pleased with you.
You were not hungry.

You visited 1 branch of the dungeon, and saw 12 of its levels.
You also visited: Bailey.

You collected 792 gold pieces.

Inventory:

Hand Weapons
 a - a +0 long sword (weapon)
 b - a +1 hand axe of flaming
 K - a +0 hand crossbow
Missiles
 B - 51 bolts
Armour
 c - a +1 kite shield (worn)
 h - a +0 scale mail
 i - a +0 pair of boots
 v - a +1 cloak (worn)
 x - a +1 crystal plate armour (worn)
 D - the +0 pair of gloves "Wixack" (worn) {rN++ Int-3 Dex+4}
   (You found it in a bailey)

   It affects your intelligence (-3).
   It affects your dexterity (+4).
   It greatly protects you from negative energy.
 I - a +0 chain mail
 U - a +0 pair of boots of running (worn)
Jewellery
 d - a +6 ring of dexterity (right hand)
 n - an uncursed ring of magical power
 r - a +4 ring of slaying
 s - a ring of flight (left hand)
 w - an uncursed ring of positive energy
 L - an uncursed ring of wizardry
 P - an uncursed ring of protection from fire
Wands
 g - a wand of acid (26)
 y - a wand of clouds (4)
 E - a wand of paralysis (9)
 J - a wand of random effects (19)
 M - a wand of enslavement (5)
Scrolls
 e - a scroll of amnesia {unknown}
 k - 2 scrolls of identify
 l - 2 scrolls of enchant weapon {unknown}
 o - 2 scrolls of remove curse
 q - 2 scrolls of enchant armour
 u - 4 scrolls of teleportation
 z - 2 scrolls of immolation {unknown}
 C - a scroll of magic mapping
 F - 2 scrolls of fear {unknown}
 H - 2 scrolls of fog {unknown}
 N - a scroll of brand weapon {unknown}
 T - a scroll of holy word {unknown}
Potions
 m - a potion of invisibility
 p - a potion of flight
 t - 6 potions of curing
 G - 2 potions of cancellation
 Q - a potion of berserk rage
 R - a potion of stabbing
 S - 2 potions of lignification {unknown}
Miscellaneous
 A - a phantom mirror
Comestibles
 f - 17 rations
 O - 7 chunks of flesh


   Skills:
 + Level 10.0 Fighting
 + Level 12.8 Long Blades
 + Level 0.2 Axes
 + Level 2.3 Crossbows
 + Level 9.5 Armour
 + Level 4.1 Dodging
 + Level 1.0 Stealth
 + Level 10.8 Shields
 + Level 1.2 Invocations
 + Level 0.1 Evocations


You had 10 spell levels left.
You didn't know any spells.
Your spell library contained the following spells:

 Spells                   Type           Power        Failure   Level  Hunger
 Corona                   Hex            #......      100%        1    ##.....
 Freeze                   Ice            #...         100%        1    ##.....
 Sandblast                Erth           #.....       100%        1    ##.....
 Passwall                 Tmut/Erth      #.......     100%        2    ###....
 Slow                     Hex            #.......     100%        2    ###....
 Frozen Ramparts          Ice            #.....       100%        3    ####...
 Inner Flame              Hex/Fire       #.......     100%        3    ####...
 Ozocubu's Armour         Chrm/Ice       #.......     100%        3    ####...
 Portal Projectile        Hex/Tloc       #.....       100%        3    ####...
 Stone Arrow              Conj/Erth      #.....       100%        3    ####...
 Cause Fear               Hex            #.........   100%        4    #####..
 Hailstorm                Conj/Ice       #.......     100%        4    #####..
 Leda's Liquefaction      Hex/Erth       #.........   100%        4    #####..
 Petrify                  Tmut/Erth      #.......     100%        4    #####..
 Summon Ice Beast         Ice/Summ       #.......     100%        4    #####..
 Lee's Rapid Deconstruct  Erth           #.........   100%        5    ######.


Dungeon Overview and Level Annotations

Branches:
Dungeon (12/15)            Temple (0/1) D:7            Lair (0/6) D:9
    Orc (0/2) D:12         Bailey (visited)

Altars:
Okawaru
The Shining One

Portals:
Trove: D:10 (give +3 storm dragon scales)


Innate Abilities, Weirdness & Mutations

You reflexively headbutt those who attack you in melee.
You have a pair of horns on your head.


Message History

The two-headed hydra bites you but does no damage.
You block the two-headed hydra's attack. x2
You lop one of the two-headed hydra's heads off!
The flame cauterises the wound!
You slash the one-headed hydra! You burn the one-headed hydra.
You kill the one-headed hydra!
Okawaru is honoured by your kill.
Your base Fighting skill increases to level 10!
You feel like a meek peon again.
Your +1 hand axe of flaming stops flaming.
a - a +0 long sword (weapon)
The white ugly thing punches you but does no damage.
Unknown command.
You hit the white ugly thing.
You headbutt the white ugly thing, but do no damage.
The white ugly thing is lightly wounded.
The white ugly thing punches you.
* * * LOW HITPOINT WARNING * * *
The white ugly thing freezes you!!
You die...

######.###.#######.#
..............# #.#
############..# #.#
#..# #.# #..# #.#
#..# #.# #..# #.#
######..####.#
##........u@..#
###.#.###..######
#..###..>..#
####.#.#.####.#
.)......## #[#
####.#### #.# # #.#
#.# # #.# #.# # #.#
#.#


You could see a white ugly thing.

Vanquished Creatures
  A hydra (D:10)
  A centaur warrior (D:9)
  2 two-headed ogres (D:10)
  Pikel (D:5)
  A cyclops (D:9)
  An ugly thing (D:12)
  A manticore (D:12)
  A centaur skeleton (D:10)
  A komodo dragon (D:9)
  A kobold demonologist (D:9)
  A troll (D:10)
  A hippogriff (D:8)
  A wraith (D:10)
  2 wyverns
  Sigmund (D:5)
  A soldier ant (D:10)
  2 water moccasins
  3 slaves (D:5)
  3 sky beasts
  A phantom (D:4)
  6 orc warriors
  2 ice beasts
  4 ogres
  A necrophage (D:10)
  3 centaurs
  4 bullfrogs
  A wyvern zombie (D:6)
  2 scorpions
  11 killer bees
  3 howler monkeys
  4 wights (D:8)
  4 crimson imps
  A centaur zombie (D:12)
  8 hounds
  5 jellies
  Crazy Yiuf (D:2)
  2 orc priests (D:4)
  4 iguanas
  Terence (D:2)
  14 orc wizards
  8 worker ants
  A hound zombie (D:5)
  3 hound skeletons
  2 worker ant zombies
  4 adders
  2 gnolls (D:4)
  2 shadow imps
  7 oozes
  An adder skeleton (D:7)
  3 worms
  3 dart slugs
  6 leopard geckos
  60 orcs
  A giant cockroach (D:2)
  3 goblins
  4 hobgoblins
  7 jackals
  5 quokkas
  2 ball pythons
  5 bats
  5 frilled lizards
  8 kobolds
  A leopard gecko skeleton (D:7)
  A leopard gecko zombie (D:6)
  2 quokka skeletons
  6 rats
260 creatures vanquished.

Vanquished Creatures (others)
  A gnoll (D:4)
  2 plants (D:9)
3 creatures vanquished.

Grand Total: 263 creatures vanquished

Notes
Turn   | Place    | Note
-------+----------+-------------------------------------------
     0 | D:1      | Peloso the Minotaur Fighter began the quest for the Orb.
     0 | D:1      | Reached XP level 1. HP: 19/19 MP: 0/0
   586 | D:1      | Reached XP level 2. HP: 27/27 MP: 1/1
   898 | D:2      | Reached XP level 3. HP: 33/33 MP: 2/2
   996 | D:2      | Noticed Terence
  1005 | D:2      | Killed Terence
  1009 | D:2      | Reached XP level 4. HP: 28/40 MP: 3/3
  1010 | D:2      | Reached skill level 3 in Long Blades
  1035 | D:2      | Found an iron altar of Okawaru.
  1043 | D:2      | Became a worshipper of Warmaster Okawaru
  1162 | D:2      | Found a faded altar of an unknown god.
  1324 | D:2      | Found a runed translucent door.
  1325 | D:2      | Noticed Crazy Yiuf
  1885 | D:2      | Killed Crazy Yiuf
  2032 | D:3      | Noticed a water moccasin
  2034 | D:3      | Reached XP level 5. HP: 46/46 MP: 4/4
  2042 | D:3      | Killed a water moccasin
  2042 | D:3      | Reached skill level 4 in Long Blades
  2042 | D:3      | Reached skill level 5 in Armour
  2042 | D:3      | Reached skill level 1 in Dodging
  2223 | D:3      | Reached skill level 5 in Shields
  2223 | D:3      | Reached XP level 6. HP: 43/53 MP: 5/5
  2481 | D:3      | Reached * piety under Okawaru
  2481 | D:3      | Reached skill level 5 in Long Blades
  3516 | D:4      | Reached skill level 6 in Long Blades
  3516 | D:4      | Reached XP level 7. HP: 60/60 MP: 6/6
  4587 | D:5      | Entered Level 5 of the Dungeon
  4613 | D:4      | Reached skill level 7 in Long Blades
  4827 | D:5      | Reached ** piety under Okawaru
  4827 | D:5      | Reached skill level 5 in Fighting
  4897 | D:5      | Reached XP level 8. HP: 68/68 MP: 7/7
  4966 | D:5      | Reached skill level 8 in Long Blades
  5005 | D:5      | Noticed Pikel
  5007 | D:5      | Paralysed by Pikel for 7 turns
  5048 | D:5      | Killed Pikel
  5048 | D:5      | Reached *** piety under Okawaru
  5048 | D:5      | Reached skill level 9 in Long Blades
  5195 | D:5      | Noticed Sigmund
  5202 | D:5      | Killed Sigmund
  5207 | D:5      | Reached XP level 9. HP: 76/78 MP: 5/8
  6148 | D:7      | Reached **** piety under Okawaru
  6287 | D:7      | Found a staircase to the Ecumenical Temple.
  6348 | D:7      | Reached skill level 10 in Long Blades
  7861 | D:9      | Reached XP level 10. HP: 87/88 MP: 9/9
  7929 | D:9      | Reached skill level 11 in Long Blades
  7939 | D:9      | Noticed a centaur warrior
  7940 | D:9      | Reached ***** piety under Okawaru
  7949 | D:9      | Killed a centaur warrior
  8144 | D:9      | Noticed a cyclops
  8157 | D:9      | Killed a cyclops
  8455 | D:9      | Found a staircase to the Lair.
  8724 | D:9      | Received a gift from Okawaru
  8943 | D:10     | Entered Level 10 of the Dungeon
  9281 | D:10     | Reached skill level 12 in Long Blades
  9326 | D:10     | Noticed a two-headed ogre
  9335 | D:10     | Killed a two-headed ogre
  9335 | D:10     | Reached skill level 10 in Shields
  9391 | D:10     | Found a portal to a secret trove of treasure.
  9737 | D:11     | Reached skill level 1 in Stealth
  9746 | D:11     | Reached XP level 11. HP: 85/97 MP: 10/10
  9776 | D:11     | Found a glowing golden altar of the Shining One.
  9801 | D:11     | You fall into a shaft and drop 1 floor!
  9801 | D:12     | Noticed a purple ugly thing
  9810 | D:12     | Killed a purple ugly thing
  9810 | D:12     | Reached skill level 1 in Invocations
  9891 | D:11     | Found a flagged portal.
  9898 | D:11     | Noticed a white ugly thing
  9901 | Bailey   | Entered a bailey
 10279 | Bailey   | Got a pair of brightly glowing gloves
 10285 | Bailey   | Identified the +0 pair of gloves "Wixack" {rN++ Int-3
                  | Dex+4} (You found it in a bailey)
 10385 | D:11     | Noticed a six-headed hydra
 10389 | D:11     | Noticed a two-headed ogre
 10421 | D:10     | Killed a two-headed ogre
 10514 | D:10     | Received a gift from Okawaru
 10548 | D:10     | Identified a +0 pair of boots of running (Okawaru gifted it
                  | to you on level 10 of the Dungeon)
 10651 | D:10     | Killed a one-headed hydra
 10651 | D:10     | Reached skill level 10 in Fighting
 10653 | D:10     | Mangled by a white ugly thing

Illustrated notes

Levels and vault maps discovered:
D:1:      psy_arrival_conway, layout_basic
D:2:      layout_basic, okawaru_gym_becter, chequers_ecumenical_altar_simple,
          minmay_circle_x, uniq_terence, uniq_crazy_yiuf_cottage
D:3:      layout_loops_ring, first_ration
D:4:      layout_basic
D:5:      layout_cave_pools, uniq_sigmund, uniq_pikel
D:6:      layout_rooms
D:7:      layout_cave_pods, temple_fountains
D:8:      layout_loops_corners
D:9:      layout_stronghold, david_lair_shrubbed,
          hangedman_little_slice_of_home, minmay_chambers_of_fives
D:10:     layout_loops_ring, enter_trove_1
D:11:     layout_small_grid, enter_bailey_2, basic_altar, serial_shops,
          nicolae_shop_behind_doors, nicolae_wwwww
D:12:     layout_basic, erik_orc_4

Skill      XL: |  1  2  3  4  5  6  7  8  9 10 11 |
---------------+----------------------------------+-----
Armour         | 4 5 6 7 8 9 |  9.5
Fighting       | 4 5 6 7 9 10 | 10.0
Shields        | 4 5 6 8 10 | 10.8
Long Blades    | 3 4 6 7 9 10 12 | 12.8
Dodging        | 1 2 3 4 |  4.1
Stealth        | 1 |  1.0
Invocations    | 1 |  1.2
Crossbows      | 2 |  2.3
Axes           | |  0.2
Evocations     | |  0.1

Action                   |  1- 3 |  4- 6 |  7- 9 | 10-12 || total
-------------------------+-------+-------+-------+-------++-------
Melee: Long sword        |    49 |   130 |   265 |   226 ||   670
       Headbutt          |     8 |    27 |    72 |    81 ||   188
       Hand axe          |       |       |       |    11 ||    11
 Fire: Hand crossbow     |       |       |       |    32 ||    32
Invok: Heroism           |       |       |     3 |     7 ||    10
 Abil: Evoke Flight      |       |       |       |     1 ||     1
  Use: Scroll            |     1 |     3 |       |    15 ||    19
       Potion            |       |       |       |     3 ||     3
  Eat: Chunk             |       |     8 |    14 |     9 ||    31
Armor: Scale mail        |    35 |    49 |    46 |       ||   130
       Chain mail        |       |       |    43 |    59 ||   102
       Crystal plate arm |       |       |       |    79 ||    79
Dodge: Dodged            |    22 |    37 |    59 |    63 ||   181
       Repelled          |     1 |     2 |       |       ||     3
Block: Kite shield       |    33 |    71 |   146 |   199 ||   449
       Rpst.: Long sword |     6 |    13 |    24 |    16 ||    59
